 Dungeon Crawl Stone Soup version 0.28.0-45-g0d030f2227 (webtiles) character file.

Game seed: 13186303863705263230

320 seaoflcl the Covered (level 6, -6/48 HPs)
             Began as a Human Fighter on Apr 10, 2022.
             Was a Believer of Qazlal.
             Mangled by Edmund
             ... wielding a +2 flail of holy wrath
              (11 damage)
             ... on level 4 of the Dungeon.
             The game lasted 00:06:48 (3767 turns).

seaoflcl the Covered (Human Fighter)                Turns: 3767, Time: 00:06:49

Health: -6/48      AC: 10    Str: 18    XL:     6   Next: 75%
Magic:  4/6        EV: 10    Int:  8    God:    Qazlal [**....]
Gold:   90         SH:  8    Dex: 13    Spells: 5/5 levels left

rFire   . . .      SeeInvis .   n - +2 mace (drain)
rCold   + . .      Faith    +   c - +0 buckler
rNeg    . . .      Spirit   .   u - +2 ring mail {rC+}
rPois   .          Reflect  .   (no helmet)
rElec   .          Harm     .   (no cloak)
rCorr   .          Rampage  .   (no gloves)
Will    .....                   v - +1 pair of boots
Stlth   +.........              q - amulet of faith
HPRegen 0.16/turn               (no ring)
MPRegen 0.10/turn               (no ring)

@: no status effects
A: no striking features
a: Renounce Religion, Upheaval


You were on level 4 of the Dungeon.
You worshipped Qazlal.
Qazlal was pleased with you.
You visited 1 branch of the dungeon, and saw 4 of its levels.

You collected 90 gold pieces.

Inventory:

Hand Weapons
 a - a +0 long sword
 h - a +0 hunting sling
 n - a +2 mace of draining (weapon)
Missiles
 f - 39 sling bullets
Armour
 c - a +0 buckler (worn)
 u - a +2 ring mail of cold resistance (worn)
 v - a +1 pair of boots (worn)
Jewellery
 q - an amulet of faith (around neck)
Wands
 x - a wand of mindburst (11)
Scrolls
 b - a scroll of vulnerability {unknown}
 g - a scroll of amnesia {unknown}
 l - 2 scrolls of magic mapping
 m - 2 scrolls of teleportation
 p - a scroll of fog {unknown}
 t - a scroll of identify
 w - a scroll of noise {unknown}
 y - 2 scrolls of fear
Potions
 d - a potion of might
 e - a potion of brilliance {unknown}
 i - 2 potions of curing {unknown}
 j - 2 potions of degeneration
 k - a potion of invisibility {unknown}
 o - 2 potions of resistance
 r - 2 potions of mutation {unknown}
 s - a potion of attraction {unknown}
 z - a potion of flight {unknown}


   Skills:
 + Level 3.8 Fighting
 + Level 3.0 Long Blades
 + Level 3.5 Maces & Flails
 + Level 4.0 Armour
 + Level 1.1 Dodging
 + Level 0.3 Stealth
 + Level 3.7 Shields


You had 5 spell levels left.
You didn't know any spells.
Your spell library contained the following spells:

 Spells                   Type           Power      Damage    Failure   Level
 Blink                    Tloc           0%         N/A       83%         2
 Lesser Beckoning         Tloc           0%         N/A       96%         3
 Manifold Assault         Tloc           0%         N/A       100%        5


Dungeon Overview and Level Annotations

Branches:
Dungeon (4/15)
 Temple: D:4-7

Altars:
Fedhas
Qazlal

Shops:
D:3 :

Annotations:
D:4 Edmund


Message History

Edmund drinks a potion.
Edmund goes berserk!
You hit Edmund but do no damage.
Edmund is lightly wounded.
Edmund hits you with a +2 flail of holy wrath.
You block Edmund's attack.
You hit Edmund but do no damage. You drain Edmund.
Edmund is lightly wounded.
Edmund hits you with a +2 flail of holy wrath. x2
You closely miss Edmund.
Edmund is lightly wounded.
Edmund completely misses you. x2
Aiming: Upheaval
Press: ? - help, Dir - move target, f - Edmund
Aim: Edmund, wielding a +2 flail of holy wrath and wearing a +0 leather armour (lightly wounded, berserk, lightly drained) That beam is likely to hit you.
Continue anyway? [Y]es or [N]o only, please.
That beam is likely to hit you.
Continue anyway?
Okay, then.
Okay, then.
Aiming: Upheaval
Press: ? - help, Dir - move target, p - Edmund You fail to use your ability.
Edmund hits you but does no damage.
You thump Edmund!
Edmund is lightly wounded.
Edmund hits you with a +2 flail of holy wrath. x2
Aiming: Upheaval
Press: ? - help, Dir - move target A storm cloud blasts the area with cutting wind!
You can no longer give life to nearby clouds.
Edmund hits you with a +2 flail of holy wrath! x2
* * * LOW HITPOINT WARNING * * *
You see here a giant cockroach corpse.
You block Edmund's attack. You block Edmund's attack.
Edmund rages.
You block Edmund's attack. Edmund barely misses you.
Edmund is engulfed in blazing flames.
Edmund hits you with a +2 flail of holy wrath!
You die...

.....###**** *,,,**,,,,,**,**
........,,****,,,*,,,,,,,***
...§.#..,,,,**,,,',,,,,,,*
.....#*,,,,,**,,,*,,,,,,,*
)#####*,,,,,,*,,,**,,,,,** .##
***,,,,,,,,***,,,** ..##
*****#######****
#..###########.....#########
................@@.......†.#
##.#.#########.....#######.#*****
#...# #.....# #.......... ###..#
#.....# #.........( .##..#
####### #....(.....
..##.############*****####.######
...>....)........,,,,,,,,..#
.#...############********#.#
..#..# #########* #.#


You could see Edmund (berserk, drained).

Vanquished Creatures
  Eustachio (D:4)
  An iguana (D:4)
  Ijyb (D:3)
  3 gnolls (D:2)
  2 adders
  2 worms
  4 orcs
  5 ball pythons
  11 endoplasms
  4 giant cockroaches
  6 goblins
  9 hobgoblins
  4 jackals (D:3)
  6 quokkas
  A bat (D:3)
  A frilled lizard (D:1)
  3 kobolds
  7 rats
71 creatures vanquished.

Notes
Turn   | Place    | Note
-------+----------+-------------------------------------------
     0 | D:1      | seaoflcl the Human Fighter began the quest for the Orb.
     0 | D:1      | Reached XP level 1. HP: 18/18 MP: 1/1
   260 | D:1      | Reached XP level 2. HP: 22/24 MP: 2/2
   357 | D:1      | Found a faded altar of an unknown god.
   458 | D:1      | Prayed at the altar of an unknown god.
   458 | D:1      | Became a worshipper of Qazlal Stormbringer
   458 | D:1      | Reached * piety under Qazlal
   883 | D:2      | Reached XP level 3. HP: 29/29 MP: 3/3
  1387 | D:2      | Reached XP level 4. HP: 35/35 MP: 4/4
  1577 | D:2      | Reached ** piety under Qazlal
  1742 | D:2      | Reached skill level 1 in Maces & Flails
  2768 | D:3      | Found Anwuahym's Book Shoppe.
  2802 | D:3      | Reached XP level 5. HP: 41/41 MP: 5/5
  2868 | D:3      | Noticed Ijyb
  2871 | D:3      | Killed Ijyb
  3382 | D:4      | Found a blossoming altar of Fedhas.
  3501 | D:4      | Reached *** piety under Qazlal
  3581 | D:4      | Noticed Eustachio
  3624 | D:4      | Killed Eustachio
  3625 | D:4      | Reached skill level 4 in Armour
  3625 | D:4      | Reached skill level 1 in Dodging
  3625 | D:4      | Reached XP level 6. HP: 32/48 MP: 6/6
  3749 | D:4      | Noticed Edmund
  3767 | D:4      | Mangled by Edmund

Illustrated notes

Levels and vault maps discovered:
D:1:      eino_arrival_water_cross, layout_loops_ring,
          hellmonk_ecumenical_altar_crossroads
D:2:      layout_basic
D:3:      layout_loops_corners, serial_shops, shop, uniq_ijyb
D:4:      minmay_opposing_rooms, layout_rooms, mainiacjoe_overflow_catwalk,
          uniq_eustachio, uniq_edmund, uniq_duvessa

Skill      XL: |  1  2  3  4  5 |
---------------+----------------+-----
Long Blades    | 3 |  3.0
Maces & Flails | 1 3 |  3.5
Armour         | 4 |  4.0
Dodging        | 1 |  1.1
Fighting       | |  3.8
Stealth        | |  0.3
Shields        | |  3.7

Action                   |  1- 3 |  4- 6 || total
-------------------------+-------+-------++-------
Melee: Long sword        |    36 |       ||    36
       Mace              |    36 |   128 ||   164
Invok: Upheaval          |       |     1 ||     1
  Use: Scroll            |       |     4 ||     4
Armor: Scale mail        |    32 |     7 ||    39
       Ring mail         |       |    40 ||    40
Dodge: Dodged            |    21 |    45 ||    66
Block: Buckler           |    11 |    51 ||    62
